 Dungeon Crawl Stone Soup version 0.25-a0-578-gc91f01c39c (webtiles) character file.

Game seed: 2854890077901043457, levelgen mode: deterministic

24 Forecaster the Magician (level 3, -1/28 HPs)
             Began as a Naga Wizard on Mar 4, 2020.
             Slain by a jackal (2 damage)
             ... on level 1 of the Dungeon.
             The game lasted 00:03:48 (385 turns).

Forecaster the Magician (Naga Wizard)                Turns: 385, Time: 00:03:49

Health: -1/28      AC:  2    Str:  9    XL:     3   Next: 2%
Magic:  1/8        EV:  9    Int: 18    God:
Gold:   19         SH:  0    Dex: 10    Spells: 4/9 levels left

rFire    . . .     SeeInvis +   e - +0 dagger
rCold    . . .     Gourm    .   (no shield)
rNeg     . . .     Faith    .   m - +0 leather armour
rPois    +         Spirit   .   b - +0 hat
rElec    .         Reflect  .   (no cloak)
rCorr    .         Harm     .   (no gloves)
MR       .....                  (no barding)
Stlth    ++........             (no amulet)
HPRegen  0.09/turn              i - ring of poison resistance
MPRegen  0.11/turn              (no ring)

@: stab, very slightly contaminated, very slow
A: large, see invisible, deformed body, poison resistance, slowness 2, slow
metabolism 1, spit poison 1, AC +1
a: Spit Poison


You were on level 1 of the Dungeon.
You were not hungry.

You visited 1 branch of the dungeon, and saw 1 of its levels.

You collected 19 gold pieces.

Inventory:

Hand Weapons
 e - a +0 dagger (weapon)
 h - a +0 dagger
Missiles
 j - 10 stones (quivered)
Armour
 a - a +0 robe
 b - a +0 hat (worn)
 g - a +0 kite shield
 m - a +0 leather armour (worn)
Jewellery
 i - a ring of poison resistance (left hand)
Scrolls
 k - 4 scrolls of teleportation {unknown}
 l - 2 scrolls of identify {unknown}
Potions
 f - a potion of stabbing
Comestibles
 d - a ration


   Skills:
 + Level 0.2 Fighting
 + Level 1.7 Dodging
 + Level 3.3 Stealth
 + Level 3.6 Spellcasting
 + Level 1.0 Conjurations
 + Level 1.0 Summonings
 + Level 1.0 Translocations


You had 4 spell levels left.
You knew the following spells:

 Your Spells              Type           Power        Failure   Level  Hunger
a - Magic Dart            Conj           #...         14%         1    None
b - Call Imp              Summ           #.......     22%         2    ##.....
c - Blink                 Tloc           N/A          22%         2    ##.....

Your spell library contained the following spells:

 Spells                   Type           Power        Failure   Level  Hunger
 Slow                     Hex            #.......     32%         2    ##.....
 Conjure Flame            Conj/Fire      #.......     45%         3    ###....
 Mephitic Cloud           Conj/Pois/Air  #.......     50%         3    ###....


Dungeon Overview and Level Annotations

Branches:
Dungeon (1/15)

Altars:


Innate Abilities, Weirdness & Mutations

You cannot wear boots.
Your serpentine skin is tough. (AC +1)
You have supernaturally acute eyesight. (SInv)
Armour fits poorly on your strangely shaped body.
Your system is resistant to poisons. (rPois)
You cover ground very slowly.
You have a slow metabolism.
You can spit poison.


Message History

* * * LOW HITPOINT WARNING * * *
Your crimson imp hits the jackal but does no damage.
You hit the jackal but do no damage.
The jackal is moderately wounded.
The jackal bites you.
* * * LOW HITPOINT WARNING * * *
The jackal bites you.
* * * LOW HITPOINT WARNING * * *
A jackal comes into view.
Your crimson imp closely misses the jackal.
It was a potion of stabbing.
You feel ready to backstab. The jackal closely misses you.
Your crimson imp misses the jackal.
You hit the jackal but do no damage.
The jackal is moderately wounded.
The jackal closely misses you. The jackal bites you.
* * * LOW HITPOINT WARNING * * *
A rat comes into view.
The jackal bites you.
You die...

## ##### ..
#...#. ..
#..#.. ....
#.#...#######
..#
#...5@.....#
#..#
####hh)..#.#
...#
#.......##.#
..###
#.#.....#.#.#
.....
..#.h.#..#.#
..#
#...#.#...#.#
..# #.....
####.########
.## #..r#.
#......... .#
##.######


You could see 3 jackals, a rat and a friendly crimson imp.

Vanquished Creatures
  A dart slug (D:1)
  3 goblins (D:1)
  3 hobgoblins (D:1)
  2 kobolds (D:1)
  A ball python (D:1)
  2 bats (D:1)
  4 frilled lizards (D:1)
  7 rats (D:1)
23 creatures vanquished.

Notes
Turn   | Place    | Note
-------+----------+-------------------------------------------
     0 | D:1      | Forecaster the Naga Wizard began the quest for the Orb.
     0 | D:1      | Reached XP level 1. HP: 15/15 MP: 4/4
    75 | D:1      | Reached XP level 2. HP: 18/22 MP: 3/6
    79 | D:1      | Learned a level 2 spell: Call Imp
    82 | D:1      | Learned a level 2 spell: Blink
   377 | D:1      | Reached XP level 3. HP: 7/28 MP: 5/8
   385 | D:1      | HP: 1/28 [jackal (1)]
   385 | D:1      | Slain by a jackal

Levels and vault maps discovered:
D:1:      erik_arrival_triangle_medium, layout_loops_ring,
          hangedman_decor_diamond_cutter

Action                   || total
-------------------------++-------
Melee: Dagger            ||    44
 Cast: Magic Dart        ||    24
       Call Imp          ||     1
  Use: Potion            ||     1
 Stab: Sleeping          ||     2
Armor: Robe              ||     1
       Leather armour    ||     1
Dodge: Dodged            ||    33

Table legend:
 A = Non-vault XP
 B = Vault XP
 C = Vault XP percentage of total XP
 D = Non-vault monster count
 E = Vault monster count
 F = Vault count percentage of total count
                 A         B        C        D         E       F
            +---------+---------+-------+---------+---------+-------
      Total |      35 |       0 |   0.0 |      23 |       0 |   0.0
            +---------+---------+-------+---------+---------+-------
        D:1 |      35 |       0 |   0.0 |      23 |       0 |   0.0
            +---------+---------+-------+---------+---------+-------
